 Dungeon Sprint DCSS version 0.21-a0-331-gfb491b4 (webtiles) character file.

606 potatolord6000 the Martial Artist (level 7, -3/58 HPs)
             Began as a Gnoll Transmuter on Oct 2, 2017.
             Was an Elder of Sif Muna.
             Succumbed to a swamp dragon's poison gas
             ... in the Dungeon (Sprint VII: "The Pits").
             The game lasted 00:03:56 (1012 turns).

potatolord6000 the Martial Artist (GnTm)            Turns: 1012, Time: 00:03:57

Health: -3/58      AC:  2    Str: 13    XL:     7   Next: 42%
Magic:  17/17      EV: 17    Int: 17    God:    Sif Muna [****..]
Gold:   0          SH:  0    Dex: 15    Spells: 19/20 levels left

rFire    . . .     SeeInvis .   r - +2 long sword (flame)
rCold    . . .     Gourm    .   (no shield)
rNeg     . . .     Faith    .   b - +0 robe
rPois    .         Spirit   .   (no helmet)
rElec    .         Reflect  .   (no cloak)
rCorr    .         Harm     .   (no gloves)
MR       .....     NoTele   +   (no boots)
Stlth    +++.......             (no amulet)
HPRegen  0.19/turn              (no ring)
MPRegen  0.15/turn              (no ring)

@: lethally poisoned (-3 -> -67)
A: distributed training, fangs 1, strong nose
a: Divine Energy, Channel Magic, Forget Spell, Renounce Religion


You were in the Dungeon.
You worshipped Sif Muna.
Sif Muna was greatly pleased with you.
You were not hungry.

You visited 1 branch

Inventory:

Hand Weapons
 r - a +2 long sword of flaming (weapon)
Missiles
 a - 12 arrows
Armour
 b - a +0 robe (worn)
Scrolls
 j - a scroll of blinking
 l - 3 scrolls of remove curse
 m - 5 scrolls of amnesia
 n - a scroll of summoning
Potions
 e - 6 potions of curing
 f - 3 potions of heal wounds
 g - a potion of haste
 h - 4 potions of magic
 i - 2 potions of berserk rage
 k - 2 potions of invisibility
Books
 c - a book of Changes

   Spells                             Type                      Level
   a - Beastly Appendage              Transmutation                1
   b - Sticks to Snakes               Transmutation                2
   c - Spider Form                    Transmutation/Poison         3
   d - Ice Form                       Ice/Transmutation            4
   e - Blade Hands                    Transmutation                5
Comestibles
 d - 8 bread rations
 o - 40 fruits
 p - 7 meat rations


   Skills:
 + Level 6.0 Fighting
 + Level 5.4 Short Blades
 + Level 5.4 Long Blades
 + Level 5.4 Axes
 + Level 5.4 Maces & Flails
 + Level 5.4 Polearms
 + Level 5.4 Staves
 + Level 5.4 Slings
 + Level 5.4 Bows
 + Level 5.4 Crossbows
 + Level 5.4 Throwing
 + Level 5.4 Armour
 + Level 7.2 Dodging
 + Level 5.4 Stealth
   Level 0.0 Stabbing
 + Level 5.4 Shields
   Level 0.0 Traps
 + Level 8.6 Unarmed Combat
 + Level 7.4 Spellcasting
 + Level 5.4 Conjurations
 + Level 5.4 Hexes
 + Level 5.4 Charms
 + Level 5.4 Summonings
 + Level 5.4 Necromancy
 + Level 5.4 Translocations
 + Level 7.2 Transmutations
 + Level 5.4 Fire Magic
 + Level 5.4 Ice Magic
 + Level 5.4 Air Magic
 + Level 5.4 Earth Magic
 + Level 5.4 Poison Magic
 + Level 5.4 Invocations
 + Level 5.4 Evocations


You had 19 spell levels left.
You knew the following spells:

 Your Spells              Type           Power        Failure   Level  Hunger
a - Beastly Appendage     Tmut           ####..       1%          1    None


Dungeon Overview and Level Annotations

Branches:
Dungeon (1/1)

Altars:
Ashenzari
Cheibriados
Dithmenos
Elyvilon
Fedhas
Gozag
Hepliaklqana
Kikubaaqudgha
Makhleb
Nemelex Xobeh
Okawaru
Qazlal
Ru
Sif Muna
Trog
Uskayaw
Vehumet
Wu Jian
Xom
Yredelemnul
Zin
The Shining One
Beogh
Jiyva
Lugonu


Innate Abilities, Weirdness & Mutations

Your experience applies equally to all skills.
You have very sharp teeth.
Your uncanny sense of smell can sniff out nearby items.


Message History

You are engulfed in poison gas.
You are more poisoned.
You feel very sick. The swamp dragon misses you.
You riposte.
You barely miss the swamp dragon.
The swamp dragon is lightly wounded.
The swamp dragon barely misses you. x2
You barely miss the swamp dragon.
The swamp dragon is lightly wounded.
You are engulfed in poison gas.
You are lethally poisoned!
You feel very sick. The swamp dragon bites you!!
* * * LOW HITPOINT WARNING * * *
The swamp dragon closely misses you. The swamp dragon barely misses you.
Unknown command.
You hit the swamp dragon. You burn the swamp dragon.
The swamp dragon is lightly wounded.
You are engulfed in poison gas.
You are more poisoned.
* * * LOW HITPOINT WARNING * * *
You die...

#)#..'.)))[##.......#
#)#..#.)))[##.......#
#)###########.......#
#.......# #########
#.......# #)).#...#
∆∆∆∆ #..###..#+# ∆
#...#...#D+ ∆
#.......#@# ∆
#.....§§§§# ∆
###########


You could see a swamp dragon.

Vanquished Creatures
  2 porcupines (D)
  A floating eye (D)
  An orc warrior (D)
  A necrophage (D)
  A gnoll shaman (D)
  An orc priest (D)
  An adder (D)
  5 gnolls (D)
  A river rat (D)
  An ooze (D)
  A leopard gecko (D)
  An orc (D)
  A giant cockroach (D)
  2 goblins (D)
  A bat (D)
  A jackal zombie (D)
22 creatures vanquished.

Notes
Turn   | Place    | Note
-------+----------+-------------------------------------------
     0 | D        | potatolord6000 the Gnoll Transmuter began the quest for the Orb.
     0 | D        | Reached XP level 1. HP: 17/17 MP: 6/6
    45 | D        | Found a bloodstained altar of Trog.
    45 | D        | Found a deep blue altar of Sif Muna.
    45 | D        | Found a viscous altar of Jiyva.
    45 | D        | Found a hazy altar of Hepliaklqana.
    45 | D        | Found an opulent altar of Gozag.
    46 | D        | Found a glowing golden altar of the Shining One.
    46 | D        | Found a glowing silver altar of Zin.
    46 | D        | Found a basalt altar of Yredelemnul.
    46 | D        | Found a shimmering altar of Xom.
    46 | D        | Found an ornate altar of the Wu Jian Council.
    46 | D        | Found a sacrificial altar of Ru.
    46 | D        | Found a stormy altar of Qazlal.
    46 | D        | Found an iron altar of Okawaru.
    46 | D        | Found a sparkling altar of Nemelex Xobeh.
    46 | D        | Found a burning altar of Makhleb.
    46 | D        | Found a blossoming altar of Fedhas.
    46 | D        | Found a white marble altar of Elyvilon.
    46 | D        | Found a shadowy altar of Dithmenos.
    46 | D        | Found a snail-covered altar of Cheibriados.
    48 | D        | Found a radiant altar of Vehumet.
    48 | D        | Found a corrupted altar of Lugonu.
    48 | D        | Found a roughly hewn altar of Beogh.
    51 | D        | Found an ancient bone altar of Kikubaaqudgha.
    51 | D        | Found a hide-covered altar of Uskayaw.
    51 | D        | Found a shattered altar of Ashenzari.
    52 | D        | Became a worshipper of Sif Muna the Loreminder
    65 | D        | Reached skill level 5 in Spellcasting
    80 | D        | Reached skill level 1 in Short Blades
    80 | D        | Reached skill level 1 in Long Blades
    80 | D        | Reached skill level 1 in Axes
    80 | D        | Reached skill level 1 in Maces & Flails
    80 | D        | Reached skill level 1 in Polearms
    80 | D        | Reached skill level 1 in Staves
    80 | D        | Reached skill level 1 in Slings
    80 | D        | Reached skill level 1 in Bows
    80 | D        | Reached skill level 1 in Crossbows
    80 | D        | Reached skill level 1 in Throwing
    80 | D        | Reached skill level 1 in Armour
    80 | D        | Reached skill level 1 in Stealth
    80 | D        | Reached skill level 1 in Shields
    80 | D        | Reached skill level 1 in Conjurations
    80 | D        | Reached skill level 1 in Hexes
    80 | D        | Reached skill level 1 in Charms
    80 | D        | Reached skill level 1 in Summonings
    80 | D        | Reached skill level 1 in Necromancy
    80 | D        | Reached skill level 1 in Translocations
    80 | D        | Reached skill level 1 in Fire Magic
    80 | D        | Reached skill level 1 in Ice Magic
    80 | D        | Reached skill level 1 in Air Magic
    80 | D        | Reached skill level 1 in Earth Magic
    80 | D        | Reached skill level 1 in Poison Magic
    80 | D        | Reached skill level 1 in Invocations
    80 | D        | Reached skill level 1 in Evocations
    80 | D        | Reached XP level 2. HP: 20/23 MP: 8/8
   123 | D        | Noticed a necrophage
   134 | D        | Killed a necrophage
   134 | D        | Reached * piety under Sif Muna
   134 | D        | Reached skill level 5 in Dodging
   134 | D        | Reached skill level 7 in Unarmed Combat
   134 | D        | Reached skill level 5 in Transmutations
   134 | D        | Reached XP level 3. HP: 14/30 MP: 8/10
   134 | D        | Reached XP level 4. HP: 17/37 MP: 8/11
   144 | D        | Reached XP level 5. HP: 8/42 MP: 10/13
   431 | D        | Noticed a porcupine
   432 | D        | Noticed a floating eye
   438 | D        | Killed a porcupine
   438 | D        | Reached ** piety under Sif Muna
   442 | D        | Reached XP level 6. HP: 50/50 MP: 13/15
   443 | D        | Reached skill level 5 in Fighting
   449 | D        | Reached skill level 8 in Unarmed Combat
   456 | D        | Noticed an orc warrior
   459 | D        | Reached *** piety under Sif Muna
   460 | D        | Paralysed by a floating eye for 3 turns
   465 | D        | Killed a floating eye
   479 | D        | Killed an orc warrior
   479 | D        | Reached skill level 5 in Short Blades
   479 | D        | Reached skill level 5 in Long Blades
   479 | D        | Reached skill level 5 in Axes
   479 | D        | Reached skill level 5 in Maces & Flails
   479 | D        | Reached skill level 5 in Polearms
   479 | D        | Reached skill level 5 in Staves
   479 | D        | Reached skill level 5 in Slings
   479 | D        | Reached skill level 5 in Bows
   479 | D        | Reached skill level 5 in Crossbows
   479 | D        | Reached skill level 5 in Throwing
   479 | D        | Reached skill level 5 in Armour
   479 | D        | Reached skill level 5 in Stealth
   479 | D        | Reached skill level 5 in Shields
   479 | D        | Reached skill level 5 in Conjurations
   479 | D        | Reached skill level 5 in Hexes
   479 | D        | Reached skill level 5 in Charms
   479 | D        | Reached skill level 5 in Summonings
   479 | D        | Reached skill level 5 in Necromancy
   479 | D        | Reached skill level 5 in Translocations
   479 | D        | Reached skill level 5 in Fire Magic
   479 | D        | Reached skill level 5 in Ice Magic
   479 | D        | Reached skill level 5 in Air Magic
   479 | D        | Reached skill level 5 in Earth Magic
   479 | D        | Reached skill level 5 in Poison Magic
   479 | D        | Reached skill level 5 in Invocations
   479 | D        | Reached skill level 5 in Evocations
   479 | D        | Reached XP level 7. HP: 5/57 MP: 17/17
   760 | D        | Reached **** piety under Sif Muna
  1006 | D        | Noticed a swamp dragon
  1012 | D        | Succumbed to a swamp dragon's poison gas

Vault maps used:
D:        pitsprint

Skill      XL: |  1  2  3  4  5  6  7 |
---------------+----------------------+-----
Spellcasting   | 5 6 7 |  7.4
Short Blades   | 1 2 3 4 5 |  5.4
Long Blades    | 1 2 3 4 5 |  5.4
Axes           | 1 2 3 4 5 |  5.4
Maces & Flails | 1 2 3 4 5 |  5.4
Polearms       | 1 2 3 4 5 |  5.4
Staves         | 1 2 3 4 5 |  5.4
Slings         | 1 2 3 4 5 |  5.4
Bows           | 1 2 3 4 5 |  5.4
Crossbows      | 1 2 3 4 5 |  5.4
Throwing       | 1 2 3 4 5 |  5.4
Armour         | 1 2 3 4 5 |  5.4
Stealth        | 1 2 3 4 5 |  5.4
Shields        | 1 2 3 4 5 |  5.4
Conjurations   | 1 2 3 4 5 |  5.4
Hexes          | 1 2 3 4 5 |  5.4
Charms         | 1 2 3 4 5 |  5.4
Summonings     | 1 2 3 4 5 |  5.4
Necromancy     | 1 2 3 4 5 |  5.4
Translocations | 1 2 3 4 5 |  5.4
Fire Magic     | 1 2 3 4 5 |  5.4
Ice Magic      | 1 2 3 4 5 |  5.4
Air Magic      | 1 2 3 4 5 |  5.4
Earth Magic    | 1 2 3 4 5 |  5.4
Poison Magic   | 1 2 3 4 5 |  5.4
Invocations    | 1 2 3 4 5 |  5.4
Evocations     | 1 2 3 4 5 |  5.4
Fighting       | 3 4 5 6 |  6.0
Dodging        | 5 6 7 |  7.2
Unarmed Combat | 7 8 |  8.6
Transmutations | 5 6 7 |  7.2

Action                   |  1- 3 |  4- 6 |  7- 9 || total
-------------------------+-------+-------+-------++-------
Melee: Falchion          |     6 |       |       ||     6
       Bite              |     4 |     5 |     1 ||    10
       Unarmed           |     7 |     8 |       ||    15
       Kick              |     2 |     1 |       ||     3
       Punch             |     1 |     5 |     1 ||     7
       Long sword        |       |    27 |     8 ||    35
 Cast: Beastly Appendage |     3 |       |       ||     3
  Use: Potion            |       |     4 |       ||     4
 Stab: Sleeping          |     1 |       |     2 ||     3
Armor: Robe              |     5 |     3 |       ||     8
Dodge: Dodged            |    29 |    33 |    12 ||    74
       Rpst.: Falchion   |     4 |       |       ||     4
       Long sword        |       |    11 |     3 ||    14

Table legend:
 A = Spawn XP
 B = Non-spawn XP
 C = Spawn XP percentage of total XP
 D = Spawn monster count
 E = Non-spawn monster count
 F = Spawn count percentage of total count
 G = Total turns spent on level
                    A         B        C        D         E        F      G
               +---------+---------+-------+---------+---------+-------+---------
         Total |       0 |     866 |   0.0 |       0 |      22 |   0.0 |  1012
               +---------+---------+-------+---------+---------+-------+---------
             D |       0 |     866 |   0.0 |       0 |      22 |   0.0 |  1012
               +---------+---------+-------+---------+---------+-------+---------
